 Dungeon Crawl Stone Soup version 0.29-a0-334-gb41bcbb86e (webtiles) character file.

Game seed: 10689885824552581374

104 spaghetti the Ducker (level 5, -1/38 HPs)
             Began as a Djinni Gladiator on Apr 14, 2022.
             Killed from afar by Natasha (2 damage)
             ... with a puff of flame
             ... on level 4 of the Dungeon.
             The game lasted 00:08:04 (5393 turns).

spaghetti the Ducker (Djinni Gladiator)             Turns: 5393, Time: 00:08:05

Health: -1/38      AC:  6    Str: 16 (19) XL:     5   Next: 7%
Gold:   236        EV: 13    Int: 16 (18) God:
                   SH:  4    Dex: 13 (16)

rFire   + + .      SeeInvis .   s - staff of air {!astaff}
rCold   x . .      Faith    +   (no shield)
rNeg    . . .      Spirit   .   b - +0 leather armour
rPois   ∞          Reflect  .   c - +0 helmet
rElec   +          Harm     .   (no cloak)
rCorr   .          Rampage  .   (no gloves)
Will    .....                   (boots unavailable)
Stlth   ++........              x - amulet of faith {!P}
HPRegen 0.12/turn               h - +6 ring of intelligence
MPRegen 0.00/turn               m - +6 ring of strength

@: flying, very slightly contaminated
A: sickness immunity, fire resistance 2, cold vulnerability 1, float, innate
caster, HP casting, extra vitality 1, iridescent scales 1, large bone plates 1,
thin skeletal structure 1
a: no special abilities


You were on level 4 of the Dungeon.
You visited 1 branch of the dungeon, and saw 5 of its levels.

You collected 236 gold pieces.


Innate Abilities, Weirdness & Mutations

You are immune to sickness and miasma.
You are immune to poison.
Your flesh is very heat resistant. (rF++)
You are vulnerable to cold. (rC-)
You float through the air rather than walking.
You learn spells naturally, not from books.
Your magical power is your life essence.
You have superior vitality. (+4 MHP)
You are partially covered in iridescent scales. (AC +2)
You are partially covered in large bone plates. (SH +4)
You have a somewhat thin skeletal structure. (Dex +2, Stealth+)


   Skills:
 - Level 2.0 Fighting
 - Level 2.6 Long Blades
 - Level 1.5 Throwing
 - Level 5.4 Dodging
 + Level 1.3 Spellcasting


You had 3 spell levels left.
You knew the following spells:

 Your Spells              Type           Power      Damage    Failure   Level
a - Shock                 Conj/Air       28%        1d4       16%         1
b - Ensorcelled Hibernat  Hex/Ice        10%        N/A       24%         2
Your spell library was empty.

Inventory:

Hand Weapons
 a - a +0 long sword {long}
 o - a +0 whip of draining {mace}
   (You took it off a kobold on level 2 of the Dungeon)
Missiles
 d - 2 throwing nets {=f!fthrowing}
 e - a javelin {throwing}
 f - 108 stones (quivered) {throwing}
 t - 12 poisoned darts {throwing}
 u - 5 boomerangs {throwing}
Armour
 b - a +0 leather armour (worn)
 c - a +0 helmet (worn)
Magical Staves
 s - a staff of air (weapon) {!astaff}
   (You took it off a goblin on level 2 of the Dungeon)
Jewellery
 h - a +6 ring of intelligence (left hand)
   (You found it on level 1 of the Dungeon)
 m - a +6 ring of strength (right hand)
   (You found it on level 2 of the Dungeon)
 x - an amulet of faith (around neck) {!P}
   (You found it on level 3 of the Dungeon)
 y - an amulet of reflection
   (You took it off a kobold on level 3 of the Dungeon)
Wands
 n - a wand of digging (4)
   (You found it on level 2 of the Dungeon)
Scrolls
 g - 6 scrolls of identify {@r1}
 j - a scroll of fear {unknown}
 k - a scroll of enchant weapon {unknown}
 l - a scroll of acquirement {unknown}
 p - a scroll of noise {unknown}
 q - a scroll of vulnerability {unknown}
 z - a scroll of torment {unknown}

Dungeon Overview and Level Annotations

Branches:
Dungeon (5/15)
 Temple: D:4-7

Altars:

Annotations:
D:4 Grinder, Natasha
D:5 Edmund

#.# #.# # # #.## #.#? #..#
... #..# ..# #..# #.###.# ##
#..# #......###.# #..# #.
#@#.# #..# ##### .##. ##h#
#..# ....###.##.### #.# #<.#
........##... #.# #..#
.##.##..###.## #.# #..#
.##5##..##...####.########..#
.##........#.....>#........<#
.#####.###5.{#.##.#.######.##
......5....................#


You could see Natasha.


Message History

😨 HP[-5]
You take 5 damage, and now have 14/38 hp.
Casting: Shock (safe; 16% risk of failure)
Confirm with . or Enter, or press ? or * to list all spells.
Aiming: Shock (safe; 16% risk of failure)
Press: ? - help, Shift-Dir - straight line, f/p - Natasha
Aim: Natasha, carrying a wand of flame (22) (heavily wounded, 60% to hit)
You feel a surge of power!
The zap misses Natasha.
* * * LOW HITPOINT WARNING * * *
Natasha mewls in sadness. 😨 HP[-1]
You take 1 damage, and now have 13/38 hp.
Casting: Shock (safe; 16% risk of failure)
Confirm with . or Enter, or press ? or * to list all spells.
Aiming: Shock (safe; 16% risk of failure)
Press: ? - help, Shift-Dir - straight line, f/p - Natasha
Aim: Natasha, carrying a wand of flame (22) (heavily wounded, 60% to hit)
You feel a surge of power!
The zap hits Natasha.
* * * LOW HITPOINT WARNING * * *
😨 HP[-1]
You take 1 damage, and now have 12/38 hp.
Casting: Shock (safe; 16% risk of failure)
Confirm with . or Enter, or press ? or * to list all spells.
Aiming: Shock (safe; 16% risk of failure)
Press: ? - help, Shift-Dir - straight line, f/p - Natasha
Aim: Natasha, carrying a wand of flame (22) (heavily wounded, 60% to hit)
You feel a surge of power!
The zap misses Natasha.
* * * LOW HITPOINT WARNING * * *
Natasha extends her claws.
Natasha stares at you and mumbles some strange words.
You resist with some effort. 😨 HP[-1]
You take 1 damage, and now have 11/38 hp.
You aren't carrying any potions.
Casting: Shock (safe; 16% risk of failure)
Confirm with . or Enter, or press ? or * to list all spells.
Aiming: Shock (safe; 16% risk of failure)
Press: ? - help, Shift-Dir - straight line, f/p - Natasha
Aim: Natasha, carrying a wand of flame (22) (heavily wounded, 60% to hit)
You feel a surge of power!
You miscast Shock.
You are very lightly contaminated with residual magic.
Nothing appears to happen.
* * * LOW HITPOINT WARNING * * *
Natasha casts a spell at you. The magic dart hits you.
* * * LOW HITPOINT WARNING * * *
😱 HP[-5]
You take 5 damage, and now have 6/38 hp.
Casting: Shock (safe; 16% risk of failure)
Confirm with . or Enter, or press ? or * to list all spells.
Aiming: Shock (safe; 16% risk of failure)
Press: ? - help, Shift-Dir - straight line, f/p - Natasha
Aim: Natasha, carrying a wand of flame (22) (heavily wounded, 60% to hit)
You feel a surge of power!
The zap hits Natasha.
* * * LOW HITPOINT WARNING * * *
Natasha claws you but does no damage. 😱 HP[-1]
You take 1 damage, and now have 5/38 hp.
Casting: Shock (safe; 16% risk of failure)
Confirm with . or Enter, or press ? or * to list all spells.
Aiming: Shock (safe; 16% risk of failure)
Press: ? - help, Shift-Dir - straight line, f/p - Natasha
Aim: Natasha, carrying a wand of flame (22) (severely wounded, 60% to hit)
You feel a surge of power!
The zap hits Natasha.
* * * LOW HITPOINT WARNING * * *
Natasha zaps a wand.
The puff of flame hits you. You resist.
* * * LOW HITPOINT WARNING * * *
😱 HP[-3]
You take 3 damage, and now have 2/38 hp.
Casting: Shock (safe; 16% risk of failure)
Confirm with . or Enter, or press ? or * to list all spells.
Aiming: Shock (safe; 16% risk of failure)
Press: ? - help, Shift-Dir - straight line, f/p - Natasha
Aim: Natasha, carrying a wand of flame (21) (almost dead, 60% to hit)
You feel a surge of power!
You miscast Shock.
Nothing appears to happen.
* * * LOW HITPOINT WARNING * * *
Natasha zaps a wand.
The puff of flame misses you.
Unknown command.
Casting: Shock (safe; 16% risk of failure)
Confirm with . or Enter, or press ? or * to list all spells.
Aiming: Shock (safe; 16% risk of failure)
Press: ? - help, Shift-Dir - straight line, f/p - Natasha
Aim: Natasha, carrying a wand of flame (20) (almost dead, 60% to hit)
You feel a surge of power!
You miscast Shock.
Nothing appears to happen.
* * * LOW HITPOINT WARNING * * *
Natasha closely misses you. 😱 HP[-1]
You take 1 damage, and now have 1/38 hp.
Unknown command.
You barely miss Natasha.
Natasha zaps a wand.
The puff of flame hits you. You resist.
You die...

Skill      XL: |  1  2  3  4 |
---------------+-------------+-----
Dodging        | 4 5 |  5.4
Spellcasting   | 1 |  1.3
Fighting       | |  2.0
Long Blades    | |  2.6
Throwing       | |  1.5

Action                   |  1- 3 |  4- 6 || total
-------------------------+-------+-------++-------
Melee: Long sword        |    58 |       ||    58
       Whip              |     1 |    12 ||    13
       Punch             |     1 |       ||     1
       Staff             |       |    14 ||    14
Throw: Stone             |    19 |     1 ||    20
       Throwing net      |     2 |       ||     2
       Javelin           |     1 |       ||     1
 Cast: Shock             |    53 |   117 ||   170
       Ensorcelled Hiber |       |     3 ||     3
  Use: Potion            |     1 |     6 ||     7
       Scroll            |       |     4 ||     4
 Stab: Sleeping          |       |     1 ||     1
Armor: Leather armour    |    42 |    20 ||    62
Dodge: Dodged            |    79 |    65 ||   144
Block: Other             |       |     1 ||     1

Levels and vault maps discovered:
D:1:      lemuel_arrival_cross, layout_basic
D:2:      layout_basic, hellmonk_ecumenical_altar_arch_garden,
          kennysheep_minor_cross
D:3:      layout_basic, chequers_avenue
D:4:      layout_loops_ring, minmay_temple_entry_enclosed_plants,
          minmay_misc_feat_rows, uniq_grinder, uniq_natasha
D:5:      layout_cave_pools, mainiacjoe_overflow_concentric_impassable,
          mainiacjoe_overflow_cross_hatched, portal_sewer_entry_f, serial_shops,
          nicolae_shop_advertising_works [nicolae_subvault_shop_adworks],
          uniq_edmund, uniq_blork_the_orc, uniq_sigmund

Notes
Turn   | Place    | Note
-------+----------+-------------------------------------------
     0 | D:1      | spaghetti the Djinni Gladiator began the quest for the Orb.
     0 | D:1      | Reached XP level 1. HP: 18/18 MP: 0/0
     0 | D:1      | magus.rc [v1.9.6]
   596 | D:1      | Reached XP level 2. HP: 10/23 MP: 0/0
   602 | D:1      | Reached skill level 4 in Dodging
  1133 | D:2      | Reached XP level 3. HP: 22/28 MP: 0/0
  1133 | D:2      | Learned a level 1 spell: Shock
  1219 | D:2      | Found a faded altar of an unknown god.
  1414 | D:2      | HP: 5/28 [adder (3)]
  2087 | D:2      | Reached skill level 5 in Dodging
  2254 | D:2      | Reached XP level 4. HP: 26/33 MP: 0/0
  4676 | D:3      | Reached skill level 1 in Spellcasting
  4676 | D:3      | Reached XP level 5. HP: 33/38 MP: 0/0
  4676 | D:3      | Learned a level 2 spell: Ensorcelled Hibernation
  4852 | D:4      | Noticed Grinder
  4865 | D:5      | Entered Level 5 of the Dungeon
  4865 | D:5      | Noticed Edmund
  4980 | D:4      | Noticed Natasha
  5009 | D:4      | Gained mutation: Your mind is acute. (Int +2) [potion of
                  | mutation]
  5009 | D:4      | Lost mutation: Your mind is acute. (Int +2) [potion of
                  | mutation]
  5009 | D:4      | HP: 4/38 [Grinder (8)]
  5012 | D:4      | Gained mutation: You have a somewhat thin skeletal
                  | structure. (Dex +2, Stealth+) [potion of mutation]
  5012 | D:4      | Gained mutation: You are partially covered in large bone
                  | plates. (SH +4) [potion of mutation]
  5012 | D:4      | Gained mutation: You are partially covered in iridescent
                  | scales. (AC +2) [potion of mutation]
  5388 | D:4      | HP: 6/38 [Natasha/magic dart (4)]
  5390 | D:4      | HP: 2/38 [Natasha/puff of flame (2)]
  5393 | D:4      | Killed from afar by Natasha

Vanquished Creatures
  4 adders
  3 orcs
  4 ball pythons
  4 bats
  6 endoplasms
  3 giant cockroaches
  6 goblins
  6 hobgoblins
  7 jackals
  3 quokkas (D:2)
  2 frilled lizards (D:1)
  6 kobolds
  3 rats
57 creatures vanquished.

Vanquished Creatures (others)
  11 plants (D:4)
11 creatures vanquished.

Grand Total: 68 creatures vanquished

Table legend:
 A = Non-vault XP
 B = Vault XP
 C = Vault XP percentage of total XP
 D = Non-vault monster count
 E = Vault monster count
 F = Vault count percentage of total count
                 A         B        C        D         E       F
            +---------+---------+-------+---------+---------+-------
      Total |     149 |       0 |   0.0 |      57 |       0 |   0.0
            +---------+---------+-------+---------+---------+-------
        D:1 |      19 |       0 |   0.0 |      11 |       0 |   0.0
        D:2 |      83 |       0 |   0.0 |      28 |       0 |   0.0
        D:3 |      37 |       0 |   0.0 |      14 |       0 |   0.0
        D:4 |      10 |       0 |   0.0 |       4 |       0 |   0.0
            +---------+---------+-------+---------+---------+-------

Illustrated notes

Table legend:
 A = Kills in this place as a percentage of kills in entire the game.
 B = Kills by you in this place as a percentage of kills by you in the entire game.
 C = Kills by friends in this place as a percentage of kills by friends in the entire game.
 D = Other kills in this place as a percentage of other kills in the entire game.
 E = Experience gained in this place as a percentage of experience gained in the entire game.
 F = Experience gained in this place divided by the number of levels of this place that you have seen.
                   A       B       C       D       E      F
               +-------+-------+-------+-------+-------+----------------------
         Total | 100.0 | 100.0 |   N/A |   N/A | 100.0 |  29.8
       Dungeon | 100.0 | 100.0 |   N/A |   N/A | 100.0 |  29.8
               +-------+-------+-------+-------+-------+----------------------

Table legend: (Time is in decaauts)
 A = Elapsed time spent in this place.
 B = Non-inter-level travel time spent in this place.
 C = Inter-level travel time spent in this place.
 D = Time resting spent in this place.
 E = Time spent auto-exploring this place.
 F = Levels seen in this place.
 G = Mean time per level.
                   A        B        C        D        E       F      G
               +--------+--------+--------+--------+--------+-----+--------+
         Total |   5414 |   5245 |    169 |    984 |   3668 |   5 | 1082.8 |
       Dungeon |   5414 |   5245 |    169 |    984 |   3668 |   5 | 1082.8 |
               +--------+--------+--------+--------+--------+-----+--------+

Top non-repeatable levels by time:
     D:2: 2043 daAuts
     D:3: 1573 daAuts
     D:1: 1302 daAuts
     D:4: 492 daAuts
     D:5: 1 daAuts
